 Dungeon Crawl Stone Soup version 0.25-a0-589-g1e14c549ee (webtiles) character file.

Game seed: 17933446940645200700, levelgen mode: deterministic

394 kae the Sneak (level 6, 0/41 HPs)
             Began as a Vampire Enchanter on Mar 9, 2020.
             Slain by a hobgoblin
             ... wielding a +0 club
              (3 damage)
             ... on level 3 of the Dungeon.
             The game lasted 00:02:51 (2274 turns).

kae the Sneak (Vampire Enchanter)                   Turns: 2274, Time: 00:02:52

Health: 0/41       AC:  3    Str:  9    XL:     6   Next: 51%
Magic:  2/10       EV: 12    Int: 21    God:
Gold:   128        SH:  0    Dex: 14    Spells: 5/11 levels left

rFire    . . .     SeeInvis +   a - +2 dagger
rCold    . . .     Gourm    .   (no shield)
rNeg     + . .     Faith    .   b - +0 robe
rPois    .         Spirit   .   (no helmet)
rElec    .         Reflect  .   (no cloak)
rCorr    .         Harm     .   (no gloves)
MR       .....                  m - +0 pair of boots
Stlth    +++.......             (no amulet)
HPRegen  0.33/turn              f - +3 ring of intelligence
MPRegen  0.12/turn              o - ring of positive energy

@: regenerating quickly
A: no food, fangs 3, see invisible, unbreathing
a: Exsanguinate


You were on level 3 of the Dungeon.
You were alive.

You visited 1 branch of the dungeon, and saw 4 of its levels.

You collected 128 gold pieces.

Inventory:

Hand Weapons
 a - a +2 dagger (weapon)
Armour
 b - a +0 robe (worn)
 m - a +0 pair of boots (worn)
Jewellery
 f - a +3 ring of intelligence (left hand)
 o - a ring of positive energy (right hand)
Scrolls
 d - a scroll of remove curse
 g - 2 scrolls of immolation
 h - 2 scrolls of enchant weapon
 j - 2 scrolls of teleportation
Potions
 c - a potion of invisibility {unknown}
 e - 2 potions of heal wounds {unknown}
 i - a potion of curing {unknown}
 n - a potion of stabbing {unknown}


   Skills:
 * Level 4.7 Short Blades
 - Level 2.1 Dodging
 + Level 6.4 Stealth
 + Level 3.2 Spellcasting
 + Level 6.2 Hexes


You had 5 spell levels left.
You knew the following spells:

 Your Spells              Type           Power        Failure   Level  Hunger
a - Corona                Hex            ####...      1%          1    N/A
b - Ensorcelled Hibernat  Hex/Ice        ###...       5%          2    N/A
c - Confusing Touch       Hex            ####....     3%          3    N/A

Your spell library contained the following spells:

 Spells                   Type           Power        Failure   Level  Hunger
 Tukima's Dance           Hex            ####....     3%          3    N/A
 Dazzling Flash           Conj/Hex       ###...       11%         3    N/A

Dungeon Overview and Level Annotations

Branches:
Dungeon (4/15)
 Temple: D:4-7

Altars:


Innate Abilities, Weirdness & Mutations

You do not eat.
Your natural rate of healing is unusually fast.
You have razor-sharp teeth.
You have supernaturally acute eyesight. (SInv)
You can survive without breathing.


Message History

The giant cockroach barely misses you.
You hit the giant cockroach.
The giant cockroach is heavily wounded.
The hobgoblin closely misses you. The giant cockroach closely misses you.
You hit the giant cockroach.
The giant cockroach is severely wounded.
The giant cockroach bites you but does no damage.
The hobgoblin closely misses you.
You hit the giant cockroach but do no damage.
The giant cockroach is severely wounded.
The giant cockroach closely misses you. The hobgoblin hits you with a +0 club.
* * * LOW HITPOINT WARNING * * *
You hit the giant cockroach.
The giant cockroach is almost dead.
The giant cockroach bites you.
* * * LOW HITPOINT WARNING * * *
You barely miss the giant cockroach.
The giant cockroach is almost dead.
The giant cockroach misses you. The hobgoblin hits you with a +0 club.
You die...

#.### ####..#.### #...#
#...###....#.># ## #...#
###..#..####.## .. #..<#
##.#.## ##.# ##.# ##.##
#.#.# #..# .... #.# #...#
##.###. .# #.#
###.####..##.. .# #.#
#.......>###.##s# ##.#
#.######.# #.#@)# #..#
#.#...#>.###.#g## ##.##
###......<....)..# #..#
..........#...#### ###.##
##........#..#########...#
##...................#...#
#..#.....###.#...###.#...#
..##..... #.###.# #.†...#
.##...... #.# #.#####...#


You could see a giant cockroach and a hobgoblin.

Vanquished Creatures
  Menkaure (D:4)
  A phantom (D:4)
  An orc priest (D:3)
  A hound (D:4)
  An orc wizard (D:3)
  4 adders
  2 oozes
  2 worms (D:2)
  3 leopard geckos
  2 orcs (D:3)
  4 bats
  4 goblins (D:2)
  8 hobgoblins
  4 jackals (D:4)
  3 kobolds
  4 quokkas
  4 frilled lizards
  7 rats
56 creatures vanquished.

Notes
Turn   | Place    | Note
-------+----------+-------------------------------------------
     0 | D:1      | kae the Vampire Enchanter began the quest for the Orb.
     0 | D:1      | Reached XP level 1. HP: 13/13 MP: 3/3
   323 | D:1      | Reached XP level 2. HP: 19/19 MP: 5/5
   783 | D:1      | Learned a level 2 spell: Ensorcelled Hibernation
   839 | D:2      | Reached XP level 3. HP: 16/24 MP: 1/6
   985 | D:2      | Reached skill level 5 in Stealth
  1523 | D:3      | Reached skill level 5 in Hexes
  1716 | D:3      | Reached XP level 4. HP: 25/30 MP: 4/7
  1760 | D:3      | Learned a level 3 spell: Confusing Touch
  1962 | D:4      | Noticed Menkaure
  1967 | D:4      | Killed Menkaure
  1967 | D:4      | Reached XP level 5. HP: 35/35 MP: 7/9
  2115 | D:4      | Noticed a phantom
  2172 | D:4      | Killed a phantom
  2172 | D:4      | Reached XP level 6. HP: 22/41 MP: 7/10
  2274 | D:3      | Slain by a hobgoblin

Levels and vault maps discovered:
D:1:      sevenhm_arrival_forest_fort_large_3, layout_rooms, serial_forest,
          infiniplex_forest_lined_corner, infiniplex_forest_lined_room_2,
          infiniplex_forest_lined_room_2, infiniplex_forest_straight_2,
          infiniplex_forest_clump_double, infiniplex_forest_clump_cross,
          infiniplex_forest_clump_small, infiniplex_forest_lined_room_
D:2:      layout_rooms, first_ration, chequers_serial_rivers_micro_d,
          roderic_lattice_a
D:3:      layout_rooms, amethyst_killhole
D:4:      layout_basic, uniq_menkaure, uniq_natasha

Skill      XL: |  1  2  3  4  5 |
---------------+----------------+-----
Short Blades   | 2 3 4 |  4.7
Stealth        | 5 6 |  6.4
Hexes          | 5 6 |  6.2
Spellcasting   | 3 |  3.2
Dodging        | |  2.1

Action                   |  1- 3 |  4- 6 || total
-------------------------+-------+-------++-------
Melee: Dagger            |   140 |    99 ||   239
       Bite              |    12 |     5 ||    17
 Cast: Corona            |     3 |       ||     3
       Ensorcelled Hiber |     7 |     7 ||    14
       Confusing Touch   |       |     2 ||     2
  Use: Scroll            |       |     6 ||     6
 Stab: Sleeping          |    14 |     8 ||    22
       Confused          |       |     2 ||     2
Armor: Robe              |    19 |    25 ||    44
Dodge: Dodged            |    87 |    67 ||   154

Table legend:
 A = Non-vault XP
 B = Vault XP
 C = Vault XP percentage of total XP
 D = Non-vault monster count
 E = Vault monster count
 F = Vault count percentage of total count
                 A         B        C        D         E       F
            +---------+---------+-------+---------+---------+-------
      Total |     398 |     165 |  29.3 |      55 |       1 |   1.8
            +---------+---------+-------+---------+---------+-------
        D:1 |      22 |       0 |   0.0 |      10 |       0 |   0.0
        D:2 |      54 |       0 |   0.0 |      21 |       0 |   0.0
        D:3 |     121 |       0 |   0.0 |      16 |       0 |   0.0
        D:4 |     201 |     165 |  45.1 |       8 |       1 |  11.1
            +---------+---------+-------+---------+---------+-------
